 Dungeon Crawl Stone Soup version 0.28-a0-687-gb91baff9cc (webtiles) character file.

Game seed: 18416852947983887790

278 sanka the Distorting Palentonga (level 6, 0/50 HPs)
             Began as a Palentonga Abyssal Knight on Oct 19, 2021.
             Was a Believer of Lugonu.
             Succumbed to a gnoll sergeant's poison
             ... on level 5 of the Dungeon.
             The game lasted 00:03:54 (3526 turns).

sanka the Distorting Palentonga (PaAK)              Turns: 3526, Time: 00:03:55

Health: 0/50       AC: 11    Str: 18    XL:     6   Next: 5%
Magic:  11/11      EV:  5    Int: 11    God:    Lugonu [**....]
Gold:   207        SH:  0    Dex: 10    Spells: 5/5 levels left

rFire   . . .      SeeInvis +   a - +1 hand axe
rCold   . . .      Faith    .   (no shield)
rNeg    . . .      Spirit   .   l - +3 chain mail
rPois   .          Reflect  .   (no helmet)
rElec   .          Harm     .   n - +0 cloak
rCorr   .          Rampage  .   (no gloves)
Will    .....                   (no barding)
Stlth   ..........              (no amulet)
HPRegen 0.16/turn               (no ring)
MPRegen 0.12/turn               (no ring)

@: lethally poisoned (0 -> -3)
A: large, rugged brown scales 3, see invisible, deformed body, roll 1, armoured
tail
a: Rolling Charge, Renounce Religion, Depart the Abyss, Bend Space


You were on level 5 of the Dungeon.
You worshipped Lugonu.
Lugonu was pleased with you.
You visited 1 branch of the dungeon, and saw 5 of its levels.
You visited the Abyss 1 time.

You collected 207 gold pieces.


Innate Abilities, Weirdness & Mutations

You are completely covered in rugged brown scales. (AC +3, +7% HP)
You have supernaturally acute eyesight. (SInv)
Armour fits poorly on your strangely shaped body.
You can roll at nearby foes to attack.
You have a long armoured tail.


   Skills:
 - Level 3.0 Fighting
 - Level 2.0 Axes
 - Level 1.5 Armour
 - Level 0.7 Dodging
 + Level 7.0 Invocations


You had 5 spell levels left.
You didn't know any spells.
Your spell library was empty.

Inventory:

Hand Weapons
 a - a +1 hand axe (weapon)
Armour
 b - a +0 leather armour
 l - a +3 chain mail (worn)
 n - a +0 cloak (worn)
Scrolls
 e - 2 scrolls of blinking {unknown}
 f - a scroll of magic mapping {unknown}
 h - 3 scrolls of teleportation {unknown}
 i - 2 scrolls of fog {unknown}
 o - a scroll of holy word {unknown}
 p - a scroll of identify {unknown}
Potions
 c - 2 potions of degeneration {unknown}
 d - 3 potions of curing {unknown}
 g - 3 potions of brilliance {unknown}
 j - a potion of berserk rage {unknown}
 k - 2 potions of haste {unknown}
 m - a potion of ambrosia {unknown}

Dungeon Overview and Level Annotations

Branches:
Dungeon (5/15)
 Temple: D:4-7

Altars:
Cheibriados

Shops:
D:1 ! D:4

* ▒
▒.▒..†.....▒......
▒.▒.▒▒.▒.....▒.▒▒▒.▒
▒.▒..▒.▒.▒...▒.....▒
▒▒.▒▒.▒.▒.......▒
▒...▒.▒.▒.▒▒▒▒..▒
▒._.▒...........▒
▒...▒.▒▒▒▒▒....▒▒
▒▒.▒▒..........▒▒▒
▒.▒..▒...gY.H...▒
▒(▒......▒▒.▒▒▒.▒
▒g▒.g▒▒▒.▒▒.▒
▒.▒▒▒▒▒▒▒ ▒.▒'▒.▒▒
▒..▒.▒ ▒.......▒
▒.....▒ ▒▒.▒.▒
▒▒▒▒.▒▒▒▒ ▒▒▒.▒▒▒
▒.▒.▒ ▒▒▒.▒ ▒.▒ ▒.▒.▒
▒...▒
▒.▒▒▒▒▒▒▒.▒.▒▒▒▒.▒▒▒
..........▒.▒▒....▒▒▒


You could see an ice beast and a gnoll sergeant.


Message History

Increase (s)trength, (i)ntelligence, or (d)exterity?
You feel stronger.
Unknown command.
The gnoll sergeant shouts!
You hear a shout!
Found 17 stones.
There is a snail-covered altar of Cheibriados here.
You see here 17 stones.
You open the door.
An ice beast comes into view.
The gnoll sergeant hits you but does no damage.
There is an open door here.
The ice beast hits you.
* * * LOW HITPOINT WARNING * * *
The ice beast freezes you!
* * * LOW HITPOINT WARNING * * *
The gnoll sergeant barely misses you.
The gnoll sergeant hits you from afar with a +0 trident of venom!
* * * LOW HITPOINT WARNING * * *
You are lethally poisoned!
* * * LOW HITPOINT WARNING * * *
You feel very sick.
* * * LOW HITPOINT WARNING * * *
You feel sick.
* * * LOW HITPOINT WARNING * * *
You feel sick.
* * * LOW HITPOINT WARNING * * *
You feel sick.
A gnoll comes into view. It is wielding a +0 spear.
You die...

Action                   |  1- 3 |  4- 6 || total
-------------------------+-------+-------++-------
Melee: Hand axe          |    86 |    76 ||   162
       Tailslap          |     8 |     7 ||    15
 Abil: Rolling Charge    |     5 |     6 ||    11
Armor: Leather armour    |    26 |     3 ||    29
       Chain mail        |       |    34 ||    34
Dodge: Dodged            |    46 |    20 ||    66

Levels and vault maps discovered:
D:1:      onia_arrival_handbag, layout_rooms, serial_shops, shop
D:2:      layout_loops_corners, serial_co_window_serial, co_window_corner_a,
          co_window_of_opportunity_a, co_window_cross_1, co_window_corner_a,
          co_window_paths_b, co_window_broadway_c, co_window_broadway_b,
          co_window_of_opportunity_c, glass_columns_c, glass_columns_b,
          glass_columns_a, glass_columns_a, glass_columns_b,
          minmay_pentomino_t2, uniq_jessica
D:3:      layout_basic, shapermc_ecumenical_altar_acropolis,
          chequers_serial_rivers_micro_a, corexii_shack,
          kennysheep_generic_room_3
D:4:      cheibrodos_greedy_goblins, layout_cave_pools,
          nicolae_shop_sticking_my_neck_out
D:5:      layout_basic, mainiacjoe_overflow_surrounded_room

Notes
Turn   | Place    | Note
-------+----------+-------------------------------------------
     0 | Abyss:1  | sanka the Palentonga Abyssal Knight began the quest for the
                  | Orb.
     0 | Abyss:1  | Reached XP level 1. HP: 19/19 MP: 2/2
     0 | Abyss:1  | Found a corrupted altar of Lugonu.
     9 | D:1      | Escaped the Abyss
    57 | D:1      | Found Joym's Distillery.
   426 | D:2      | Reached XP level 2. HP: 24/25 MP: 4/4
   474 | D:2      | Reached skill level 3 in Invocations
  1564 | D:2      | Reached ** piety under Lugonu
  1695 | D:2      | Noticed Jessica
  1737 | D:2      | Reached XP level 3. HP: 31/31 MP: 5/5
  1762 | D:2      | Killed Jessica
  1763 | D:2      | Reached skill level 4 in Invocations
  2012 | D:3      | Reached XP level 4. HP: 35/37 MP: 7/7
  2060 | D:3      | Found a faded altar of an unknown god.
  2711 | D:4      | Reached skill level 5 in Invocations
  2761 | D:4      | Noticed an ogre
  2767 | D:4      | Killed an ogre
  2768 | D:4      | Reached skill level 6 in Invocations
  2768 | D:4      | Reached XP level 5. HP: 16/43 MP: 9/9
  2965 | D:4      | Found Xuytya's Neck Hole.
  3358 | D:5      | Entered Level 5 of the Dungeon
  3493 | D:5      | Found a snail-covered altar of Cheibriados.
  3502 | D:5      | Reached skill level 7 in Invocations
  3502 | D:5      | Reached XP level 6. HP: 23/50 MP: 11/11
  3512 | D:5      | Noticed an ice beast
  3523 | D:5      | HP: 4/50 [poisoned by a gnoll sergeant]
  3525 | D:5      | HP: 1/50 [poisoned by a gnoll sergeant]
  3526 | D:5      | Succumbed to a gnoll sergeant's poison

Vanquished Creatures
  An ogre (D:4)
  A water moccasin skeleton (D:4)
  An iguana (D:5)
  Jessica (D:2)
  3 adders
  An adder skeleton (D:4)
  A worm (D:2)
  3 dart slugs
  An orc (D:3)
  4 ball pythons
  4 endoplasms
  2 giant cockroaches
  7 hobgoblins
  2 jackals (D:2)
  3 kobolds (D:3)
  2 quokkas
  2 bats
  3 frilled lizards
  11 goblins
  6 rats
59 creatures vanquished.

Vanquished Creatures (others)
  A plant (D:3)
1 creature vanquished.

Grand Total: 60 creatures vanquished
